 Dungeon Crawl Stone Soup version 0.29.1-1-gd02db6906a (webtiles) character file.

Game seed: 6351869636004369355

9144 MisterFreud the Cruncher (level 11, -26/126 HPs)
             Began as a Formicid Gladiator on Oct 10, 2022.
             Was an Initiate of Yredelemnul.
             Annihilated by a cyclops (28 damage)
             ... on level 11 of the Dungeon.
             The game lasted 00:14:48 (13189 turns).

MisterFreud the Cruncher (Formicid Gladiator)      Turns: 13189, Time: 00:14:49

Health: -26/126    AC: 25    Str: 21    XL:     11   Next: 68%
Magic:  18/18      EV:  2    Int:  8    God:    Yredelemnul [......]
Gold:   569        SH:  7    Dex: 17    Spells: 10/10 levels left

rFire   . . .      SeeInvis .   e - +4 quarterstaff (chaos)
rCold   . . .      Faith    .   o - +1 buckler
rNeg    . . .      Spirit   .   (body armour currently unavailable)
rPois   +          Reflect  .   (helmet unavailable)
rElec   .          Harm     .   (cloak currently unavailable)
rCorr   .          Rampage  .   (gloves currently unavailable)
Will    +....                   (boots currently unavailable)
Stlth   ++........              (no amulet)
HPRegen 0.31/turn               (no ring)
MPRegen 0.16/turn               (no ring)

@: tree-form
A: stationary, stasis, torment immunity, boosted hp, permanent stasis, dig
shafts and tunnels, (antennae 3), four strong arms
a: Renounce Religion, Recall Undead Harvest


You were on level 11 of the Dungeon.
You worshipped Yredelemnul.
Yredelemnul was aware of your devotion.
You were a tree.
You visited 2 branches of the dungeon, and saw 12 of its levels.
You also visited: Ossuary.

You collected 569 gold pieces.

Inventory:

Hand Weapons
 a - a +0 quarterstaff
 e - a +4 quarterstaff of chaos (weapon)
 L - the +9 heavy crossbow "Sniper" {vorpal, Acc+∞ SInv}
   (You found it on level 9 of the Dungeon)

   Any ammunition fired from it inflicts extra damage upon your enemies.
   Any ammunition fired from it never misses its target.
   SInv:      It lets you see invisible.
Missiles
 c - 3 throwing nets (quivered)
 d - 6 javelins
 l - 6 poisoned darts
 p - a curare-tipped dart
 A - 2 atropa-tipped darts
 B - 4 boomerangs
Armour
 b - a +0 leather armour
 k - a +0 ring mail of poison resistance
 o - a +1 buckler (worn)
 w - a +0 pair of gloves (melded)
 x - a +3 scale mail (melded)
 H - +0 swamp dragon scales
 I - the +3 scale mail of Lies {rF+}
   (You found it on level 9 of the Dungeon)

   rF:        It protects you from fire.
 N - a +0 tower shield
Jewellery
 j - an amulet of reflection
 r - a ring of fire
 K - a +4 ring of evasion
Wands
 n - a wand of polymorph (20)
 s - a wand of quicksilver (15)
Scrolls
 m - a scroll of magic mapping
 u - 2 scrolls of amnesia
 y - 3 scrolls of enchant armour
 C - a scroll of torment
 E - 4 scrolls of fog
 F - a scroll of silence
 G - 2 scrolls of poison
 M - a scroll of fear
Potions
 f - a potion of magic
 g - 5 potions of curing
 h - 4 potions of resistance
 i - a potion of lignification
 q - 2 potions of might
 t - 4 potions of mutation
 v - 3 potions of brilliance
 z - a potion of berserk rage
 D - a potion of ambrosia {unknown}
 J - a potion of flight {unknown}


   Skills:
 + Level 7.0 Fighting
 - Level 10.0 Staves
 + Level 3.8 Ranged Weapons
 - Level 2.0 Throwing
 + Level 7.0 Armour
 - Level 2.6 Dodging
 + Level 7.1 Shields
 - Level 10.0 Invocations
 - Level 5.0 Evocations


You had 10 spell levels left.
You didn't know any spells.
Your spell library contained the following spells:

 Spells                   Type           Power      Damage    Failure   Level
 Foxfire                  Conj/Fire      0%         2x1d4     45%         1
 Magic Dart               Conj           0%         1d3       45%         1
 Sting                    Tmut/Pois      0%         1d3       45%         1
 Call Imp                 Summ           0%         N/A       61%         2
 Poisonous Vapours        Pois/Air       0%         N/A       61%         2
 Searing Ray              Conj           0%         2d4       61%         2
 Conjure Flame            Conj/Fire      0%         6-21      83%         3
 Ignite Poison            Fire/Tmut/Pois 0%         N/A       83%         3
 Inner Flame              Hex/Fire       0%         N/A       83%         3
 Mephitic Cloud           Conj/Pois/Air  0%         N/A       83%         3
 Flame Wave               Conj/Fire      0%         2d4       99%         4
 Fulminant Prism          Conj/Hex       0%         3d6       99%         4
 Olgreb's Toxic Radiance  Pois           0%         N/A       99%         4
 Sticky Flame             Conj/Fire      0%         2d3       99%         4
 Ozocubu's Refrigeration  Ice            0%         4d7       100%        7
 Ignition                 Fire           0%         3d3       100%        8


Dungeon Overview and Level Annotations

Branches:
Dungeon (11/15)            Temple (1/1) D:4         Ossuary (visited)
   Lair: D:8-11         Orc: D:9-12

Altars:
Ashenzari
Dithmenos
Elyvilon
Gozag
Hepliaklqana
Kikubaaqudgha
Makhleb
Nemelex Xobeh
Okawaru
Qazlal
Ru
Sif Muna
Trog
Uskayaw
Xom
Yredelemnul
Zin
The Shining One

Shops:
D:1 [   D:9 *

Portals:
Abyss: D:8
Trove: D:10 (give +7 demon blade)

Annotations:
D:8 2 transporters, NeverExisted's ghost, novice GrEE


Innate Abilities, Weirdness & Mutations

You are a tree.
Your roots penetrate the ground, keeping you stationary.
You cannot be teleported.
You are immune to unholy pain and torment.
Your maximum health is greatly increased.
Your equipment is partially melded.
You cannot be hasted, slowed, berserked, paralysed or teleported.
You can dig through walls and to a lower floor.
((You have a pair of large antennae on your head. (SInv)))
Your four strong arms can wield two-handed weapons with a shield.


Message History

The cyclops barely misses you.
Unknown command.
You sock the cyclops!
The cyclops is poisoned.
The cyclops is severely wounded.
The black bear bites you but does no damage.
The black bear misses you. The black bear closely misses you.
The cyclops hits you!!
* * * LOW HITPOINT WARNING * * *
Unknown command.
Unknown command.
Unknown command.
Unknown command.
Unknown command.
Unknown command.
Unknown command.
Okay, then.
Unknown command.
Unknown command.
Unknown command.
Unknown command.
Unknown command.
Unknown command.
Unknown command.
Unknown command.
Unknown command.
Unknown command.
Unknown command.
Really quaff the potion of lignification?
You turn into a tree.
Your +0 pair of gloves melds into your body.
Your +3 scale mail melds into your body.
Your roots penetrate the ground.
The black bear bites you but does no damage.
The black bear barely misses you.
The black bear claws you but does no damage.
The yak gores you!
* * * LOW HITPOINT WARNING * * *
Something hits you!!
You die...
Your body rises from the dead as a mindless zombie.

.......#### #..(.......
#.........# .. ..........
P.. ##....... # ##
...###...... . ###.
P..P....{.# .# .... .
P.....Ph♣####.#.# ..####.
PPP....Y##.....# #......
PPP.PPZ..<.....# #.....(
......P.##)##..## #<..##
...PP...##..# ..## #....#
.$PP........#....##......
..PPP.P..................
PP.P...............u.....
P.P..PP.#........##..>...


You could see a yak, a black bear and a friendly black bear zombie.

Vanquished Creatures
  2 two-headed ogres
  A komodo dragon (shapeshifter) (D:4)
  Grinder (D:6)
  A shadow (D:10)
  Sigmund (D:4)
  A wyvern (D:9)
  6 yaks (D:10)
  2 vampire mosquitoes (D:10)
  3 water moccasins
  An acid dragon (D:9)
  3 black bears
  An orc warrior (D:10)
  An ice beast (D:6)
  A centaur (D:10)
  A phantom (D:4)
  A kobold brigand (D:6)
  2 necrophages
  8 bullfrogs
  A wyvern zombie (Ossuary)
  A scorpion (D:7)
  7 wights
  A water moccasin zombie (Ossuary)
  3 killer bees (D:7)
  6 howler monkeys
  5 centaur zombies (Ossuary)
  7 bullfrog zombies (Ossuary)
  Crazy Yiuf (D:3)
  A gnoll bouda (D:4)
  7 orc priests
  4 hounds
  A jelly (D:5)
  Ijyb (D:4)
  4 iguanas
  Natasha (D:4)
  7 orc wizards
  8 killer bee zombies (Ossuary)
  11 mummies
  2 howler monkey zombies (Ossuary)
  Robin (D:4)
  7 gnolls
  13 adders
  A river rat (D:4)
  A shadow imp (D:6)
  An ufetubus (D:5)
  4 worms
  A dart slug (D:5)
  21 orcs
  6 endoplasms
  7 giant cockroaches
  20 goblins
  9 hobgoblins
  3 jackals (D:2)
  8 kobolds
  5 quokkas
  12 ball pythons
  7 bats
  9 frilled lizards
  A goblin zombie (D:8)
  An orc zombie (D:8)
  10 rats
264 creatures vanquished.

Vanquished Creatures (collateral kills)
  Maggie (D:7)
  A troll (D:10)
  3 yaks (D:10)
  A vampire mosquito (D:10)
  A black bear (D:11)
  A centaur (D:9)
  A wight (D:9)
  A howler monkey (D:8)
  2 orc priests (D:7)
  An orc wizard (D:9)
  An iguana (D:6)
  2 gnolls (D:7)
  An ufetubus (D:6)
  5 orcs
22 creatures vanquished.

Vanquished Creatures (others)
  2 yak zombies (D:10)
  2 bullfrog zombies
  A killer bee zombie (D:7)
  A human zombie (D:7)
  An adder zombie (D:4)
  A gnoll zombie (D:7)
  A hobgoblin zombie (D:4)
  5 orc zombies
  A quokka zombie (D:4)
  6 fungi
  7 plants
  5 withered plants (Ossuary)
33 creatures vanquished.

Grand Total: 319 creatures vanquished

Notes
Turn   | Place    | Note
-------+----------+-------------------------------------------
     0 | D:1      | MisterFreud the Formicid Gladiator began the quest for the
                  | Orb.
     0 | D:1      | Reached XP level 1. HP: 16/16 MP: 1/1
    61 | D:1      | Reached XP level 2. HP: 12/22 MP: 2/2
   608 | D:1      | Found Nelledaa's Antique Armour Shop.
   620 | D:1      | Reached XP level 3. HP: 19/27 MP: 3/3
  1424 | D:2      | Reached XP level 4. HP: 33/33 MP: 4/4
  1621 | D:2      | You fall into a shaft and drop 1 floor!
  1710 | D:3      | Reached skill level 5 in Staves
  2001 | D:2      | Found a faded altar of an unknown god.
  2191 | D:3      | Reached XP level 5. HP: 38/38 MP: 5/5
  2543 | D:3      | Reached XP level 6. HP: 23/47 MP: 6/6
  2922 | D:3      | Found a runed translucent door.
  2923 | D:3      | Noticed Crazy Yiuf
  2934 | D:3      | Killed Crazy Yiuf
  3191 | D:4      | Noticed Sigmund
  3199 | D:4      | Killed Sigmund
  3200 | D:4      | Reached skill level 5 in Fighting
  3200 | D:4      | Reached skill level 1 in Armour
  3200 | D:4      | Reached XP level 7. HP: 45/56 MP: 7/7
  3354 | D:4      | Noticed Robin
  3377 | D:4      | Killed Robin
  3378 | D:4      | Reached skill level 1 in Shields
  3533 | D:4      | Found a staircase to the Ecumenical Temple.
  3547 | Temple   | Entered the Ecumenical Temple
  3557 | Temple   | Became a worshipper of Yredelemnul the Dark
  3644 | D:4      | Noticed Ijyb
  3655 | D:4      | Killed Ijyb
  3664 | D:4      | Reached XP level 8. HP: 10/62 MP: 8/8
  4248 | D:4      | Noticed Natasha
  4253 | D:4      | Killed Natasha
  4253 | D:4      | Reached * piety under Yredelemnul
  4385 | D:4      | Found a white marble altar of Elyvilon.
  4521 | D:4      | Noticed Natasha
  4528 | D:4      | Noticed Natasha
  4528 | D:4      | Natasha changed into Natasha the shapeshifter
  4528 | D:4      | Noticed Natasha
  4528 | D:4      | Natasha the shapeshifter changed into Natasha the komodo
                  | dragon
  4542 | D:4      | Killed Natasha the komodo dragon
  4827 | D:5      | Entered Level 5 of the Dungeon
  4840 | D:5      | Reached skill level 5 in Armour
  5101 | D:5      | Found a glowing silver altar of Zin.
  5770 | D:5      | Reached XP level 9. HP: 68/68 MP: 9/9
  5879 | D:5      | Found a burning altar of Makhleb.
  5909 | D:5      | Reached ** piety under Yredelemnul
  6202 | D:6      | Found a broken altar of Ashenzari.
  6315 | D:6      | Noticed Grinder
  6321 | D:6      | Killed Grinder
  6436 | D:6      | Reached skill level 10 in Staves
  6440 | D:6      | Reached skill level 1 in Invocations
  6481 | D:6      | Reached skill level 1 in Evocations
  6819 | D:6      | Reached *** piety under Yredelemnul
  7152 | D:7      | Found a shimmering blue altar of Sif Muna.
  7722 | D:7      | Reached XP level 10. HP: 49/74 MP: 13/13
  7724 | D:7      | Noticed Maggie
  7729 | D:7      | HP: 3/74 [Maggie/bolt of fire (9)]
  7733 | D:7      | You fall into a shaft and drop 1 floor!
  7794 | D:8      | Found a sand-covered staircase.
  7799 | Ossuary  | Entered an ossuary
  8170 | Ossuary  | Reached skill level 5 in Invocations
  8215 | Ossuary  | Reached skill level 5 in Evocations
  9021 | D:8      | Found a transporter.
  9062 | D:8      | Found a one-way gate to the infinite horrors of the Abyss.
  9062 | D:8      | Noticed NeverExisted's ghost (novice GrEE)
  9305 | D:7      | Killed Maggie
  9346 | D:7      | Your ally Maggie died
  9687 | D:8      | Found a sparkling altar of Nemelex Xobeh.
  9812 | D:8      | Found a transporter.
  9928 | D:8      | Noticed a two-headed ogre
  9933 | D:8      | Killed a two-headed ogre
 10180 | D:8      | Reached skill level 10 in Invocations
 10587 | D:9      | Found the +9 heavy crossbow "Sniper" {vorpal, Acc+∞ SInv}
 10736 | D:9      | Identified the +3 scale mail of Lies {rF+}
 10909 | D:9      | Reached XP level 11. HP: 74/80 MP: 18/18
 11000 | D:9      | Found a glowing golden altar of the Shining One.
 11233 | D:9      | Found Widor's General Store.
 11312 | D:9      | Reached skill level 1 in Ranged Weapons
 11316 | D:9      | Reached skill level 5 in Shields
 11588 | D:10     | Entered Level 10 of the Dungeon
 12780 | D:10     | Reached **** piety under Yredelemnul
 12905 | D:10     | Identified the +11 dagger "Hyur" {elec, Int+5 Dex-3}
 13010 | D:10     | Found a portal to a secret trove of treasure.
 13102 | D:11     | Noticed a purple ugly thing
 13150 | D:11     | Noticed a two-headed ogre
 13164 | D:11     | Killed a two-headed ogre
 13177 | D:11     | Noticed a cyclops
 13189 | D:11     | HP: 2/126 [yak (11)]
 13189 | D:11     | Annihilated by a cyclops

Illustrated notes

Levels and vault maps discovered:
D:1:      minmay_arrival_split_and_join, layout_basic, serial_shops, shop_statue
D:2:      minmay_wonky_spiral, layout_rooms, shapermc_ecumenical_altar_acropolis
D:3:      layout_basic, uniq_crazy_yiuf_cottage
D:4:      layout_loops_ring, mainiacjoe_overflow_surrounded_room,
          minmay_temple_entry_waves, gup_sewer_entry_bowl, uniq_natasha,
          uniq_robin, uniq_ijyb, uniq_sigmund
D:5:      layout_loops_corners, lightli_temple_of_fire, zin_treasury
D:6:      layout_basic, mainiacjoe_overflow_paths, uniq_grinder
D:7:      layout_gridville, nicolae_sif_muna_condensation, uniq_maggie
D:8:      layout_basic, lemuel_doored_altar, gammafunk_ghost_abyssal_escape,
          nicolae_ossuary_entry_giza
D:9:      layout_cave_pods, mainiacjoe_overflow_boulevard, serial_shops,
          nicolae_shop_stone
D:10:     layout_roguey, enter_trove_3, minivault_27
D:11:     layout_cave_pools, due_lair_maze_entry_diamond, orc_0_dummy,
          vehumet_altar_wand_db
Temple:   hellmonk_temple_two_chambers

Skill      XL: |  1  2  3  4  5  6  7  8  9 10 11 |
---------------+----------------------------------+-----
Staves         | 4 5 6 8 10 | 10.0
Fighting       | 3 5 7 |  7.0
Armour         | 1 3 5 7 |  7.0
Shields        | 2 4 7 |  7.1
Invocations    | 4 10 | 10.0
Evocations     | 3 5 |  5.0
Ranged Weapons | 3 |  3.8
Throwing       | |  2.0
Dodging        | |  2.6

Action                   |  1- 3 |  4- 6 |  7- 9 | 10-12 || total
-------------------------+-------+-------+-------+-------++-------
Melee: Quarterstaff      |    97 |   140 |   272 |   401 ||   910
       Punch             |       |     1 |       |       ||     1
 Abil: Shaft Self        |       |       |       |     1 ||     1
Evoke: Wand              |       |       |     1 |       ||     1
  Use: Scroll            |     1 |     4 |     6 |    10 ||    21
       Potion            |       |     2 |       |     2 ||     4
 Stab: Confused          |       |       |     1 |     2 ||     3
       Petrifying        |       |       |     1 |       ||     1
       Petrified         |       |       |     1 |       ||     1
       Distracted        |       |       |       |     3 ||     3
       Paralysed         |       |       |       |     1 ||     1
Armor: Leather armour    |    29 |       |       |       ||    29
       Ring mail         |     5 |    38 |    52 |       ||    95
       Scale mail        |       |       |    26 |   122 ||   148
       Skin              |       |       |       |     2 ||     2
Dodge: Dodged            |    90 |    81 |   101 |   158 ||   430
Block: Buckler           |       |       |    61 |   100 ||   161
